 Dungeon Sprint DCSS version 0.20-a0-1009-gc986637 (webtiles) character file.

6440 Roshambo the Stickfighter (level 10, -25/86 HPs)
             Began as a Demonspawn Gladiator on Apr 14, 2017.
             Was the Champion of Makhleb.
             Annihilated by a stone giant (35 damage)
             ... in the Dungeon (Sprint IX: "|||||||||||||||||||||||||||||").
             The game lasted 00:02:33 (1420 turns).

Roshambo the Stickfighter (Demonspawn Gladiator)    Turns: 1420, Time: 00:02:33

Health: -25/86     AC: 17    Str: 18    XL:     10   Next: 67%
Magic:  20/20      EV: 13    Int:  9    God:    Makhleb [******]
Gold:   22         SH:  0    Dex: 18    Spells: 9/9 levels left

rFire    . . .     SeeInvis .   p - +4 quarterstaff (speed)
rCold    . . .     Gourm    .   (shield currently unavailable)
rNeg     . . .     Faith    .   r - +1 chain mail
rPois    .         Spirit   .   (helmet restricted)
rElec    .         Reflect  .   (no cloak)
rCorr    .         Harm     .   B - +0 pair of gloves
MR       .....     NoTele   +   y - +0 pair of boots
Stlth    ..........             (no amulet)
Regen    0.3/turn               s - +3 ring of strength
MPRegen  0.2/turn               t - +2 ring of evasion

@: no status effects
A: horns 2, thin metallic scales 2, demonic guardian 1, spiny 1
a: Minor Destruction, Lesser Servant of Makhleb, Major Destruction, Greater
Servant of Makhleb, Renounce Religion


You were in the Dungeon.
You worshipped Makhleb.
Makhleb was exalted by your worship.
You were hungry.

You visited 1 branch You collected 22 gold pieces.

Inventory:

Hand Weapons
 p - a +4 quarterstaff of speed (weapon)
Missiles
 d - 5 throwing nets (quivered)
Armour
 r - a +1 chain mail (worn)
 y - a +0 pair of boots (worn)
 B - a +0 pair of gloves (worn)
Magical Staves
 c - an uncursed staff of fire
Jewellery
 s - a +3 ring of strength (left hand)
 t - a +2 ring of evasion (right hand)
Wands
 o - a wand of iceblast (7/15)
Scrolls
 k - 3 scrolls of blinking
 m - 5 scrolls of remove curse
 n - 2 scrolls of amnesia
 v - a scroll of fog
 w - 3 scrolls of enchant armour
Potions
 a - a potion of mutation
 b - a potion of resistance
 e - 8 potions of curing
 g - 2 potions of heal wounds
 h - a potion of haste
 i - 4 potions of magic
 j - 2 potions of berserk rage
 l - a potion of invisibility
Comestibles
 f - 13 bread rations
 u - a royal jelly
 z - 40 fruits
 A - 12 meat rations


   Skills:
 + Level 10.3 Fighting
 + Level 15.8 Staves
 - Level 1.7 Throwing
 + Level 8.6 Armour
 + Level 6.4 Dodging
 * Level 14.0 Invocations


You had 9 spell levels left.
You didn't know any spells.

Dungeon Overview and Level Annotations

Branches:
Dungeon (1/1)

Altars:
Cheibriados
Dithmenos
Elyvilon
Fedhas
Gozag
Hepliaklqana
Kikubaaqudgha
Makhleb
Nemelex Xobeh
Okawaru
Qazlal
Ru
Sif Muna
Trog
Uskayaw
Vehumet
Wu Jian
Xom
Yredelemnul
Zin
The Shining One
Beogh
Jiyva
Lugonu


Innate Abilities, Weirdness & Mutations

You have a pair of horns on your head.
You are mostly covered in thin metallic scales. (AC +3)
A weak demonic guardian rushes to your aid.
You are partially covered in sharp spines.


Message History

You hit the stone giant.
The stone giant is lightly wounded.
The stone giant is struck by your spines.
The stone giant hits you!!
You thump the stone giant!
The stone giant is moderately wounded.
You hit the stone giant but do no damage.
The stone giant is moderately wounded.
The orc wizard casts a spell.
The orc wizard seems to speed up.
You thump the stone giant!
The stone giant is heavily wounded.
The stone giant hits you!!
* * * LOW HITPOINT WARNING * * *
You sock the stone giant! You headbutt the stone giant.
The stone giant is heavily wounded.
You hit the stone giant but do no damage.
The stone giant is heavily wounded.
The stone giant hits you!!
You die...

▓.▓.▓'▓.▓.▓
▓.▓.▓.▓.▓.▓
▓.▓.▓.▓.▓.▓
▓.▓.▓.▓.▓÷▓
▓.▓.▓.▓.▓.▓
▓.▓.▓.▓.▓.▓
▓)▓.▓.▓.▓.▓
▓5▓.▓.▓.▓.▓
▓@▓.▓.▓.▓.▓
▓C▓.▓.▓.▓'▓
▓o▓.▓.▓.▓_▓
▓o▓.▓.▓.▓_▓
▓o▓.▓.▓.▓_▓
▓o▓.▓.▓.▓_▓
▓o▓.▓†▓.▓_▓
▓o▓.▓†▓.▓_▓
▓.▓.▓.▓_▓


You could see a stone giant, 2 orc priests, an orc wizard, 3 orcs and a friendly
quasit.

Vanquished Creatures
  Harold (D)
  2 hydras (D)
  An unseen horror (D)
  2 spiny frogs (D)
  A troll (D)
  A blink frog (D)
  3 hippogriffs (D)
  A yak (D)
  A hungry ghost (D)
  A steam dragon (D)
  3 wargs (D)
  3 water moccasins (D)
  A hell hound (D)
  3 porcupines (D)
  A black bear (D)
  4 wolves (D)
  2 centaurs (D)
  An eye of draining (D)
  A crocodile (D)
  A bullfrog (D)
  A wight (D)
  A hound (D)
  A worker ant (D)
  2 adders (D)
  A shadow imp (D)
  4 orcs (D)
  A goblin (D)
  A jackal (D)
  A quokka (D)
  A bat (D)
  2 frilled lizards (D)
  A jackal skeleton (D)
51 creatures vanquished.

Notes
Turn   | Place    | Note
-------+----------+-------------------------------------------
     0 | D        | Roshambo the Demonspawn Gladiator began the quest for the Orb.
     0 | D        | Reached XP level 1. HP: 16/16 MP: 1/1
    13 | D        | Reached skill level 3 in Staves
    24 | D        | Reached skill level 4 in Staves
   185 | D        | Reached skill level 5 in Staves
   185 | D        | Gained mutation: You have a pair of small horns on your head. [demonic ancestry]
   185 | D        | Reached XP level 2. HP: 15/22 MP: 2/2
   192 | D        | Reached skill level 6 in Staves
   192 | D        | Gained mutation: A weak demonic guardian rushes to your aid. [demonic ancestry]
   192 | D        | Reached XP level 3. HP: 12/27 MP: 3/3
   480 | D        | Found a roughly hewn altar of Beogh.
   480 | D        | Found a snail-covered altar of Cheibriados.
   480 | D        | Found a shadowy altar of Dithmenos.
   480 | D        | Found a white marble altar of Elyvilon.
   480 | D        | Found a blossoming altar of Fedhas.
   480 | D        | Found an opulent altar of Gozag.
   481 | D        | Found a hazy altar of Hepliaklqana.
   482 | D        | Found a viscous altar of Jiyva.
   483 | D        | Found an ancient bone altar of Kikubaaqudgha.
   484 | D        | Found a corrupted altar of Lugonu.
   485 | D        | Found a burning altar of Makhleb.
   486 | D        | Found a sparkling altar of Nemelex Xobeh.
   487 | D        | Found an iron altar of Okawaru.
   488 | D        | Found a stormy altar of Qazlal.
   489 | D        | Found a sacrificial altar of Ru.
   490 | D        | Found a deep blue altar of Sif Muna.
   491 | D        | Found a bloodstained altar of Trog.
   492 | D        | Found a hide-covered altar of Uskayaw.
   493 | D        | Found a radiant altar of Vehumet.
   494 | D        | Found an ornate altar of the Wu Jian Council.
   495 | D        | Found a shimmering altar of Xom.
   496 | D        | Found a basalt altar of Yredelemnul.
   497 | D        | Found a glowing silver altar of Zin.
   498 | D        | Found a glowing golden altar of the Shining One.
   505 | D        | Became a worshipper of Makhleb the Destroyer
   563 | D        | Noticed a centaur
   563 | D        | Noticed a hippogriff
   570 | D        | Killed a centaur
   570 | D        | Reached skill level 7 in Staves
   570 | D        | Reached skill level 1 in Armour
   570 | D        | Reached XP level 4. HP: 31/35 MP: 3/6
   580 | D        | Reached * piety under Makhleb
   580 | D        | Reached skill level 8 in Staves
   580 | D        | Reached XP level 5. HP: 24/41 MP: 3/8
   585 | D        | Killed a hippogriff
   585 | D        | Reached skill level 9 in Staves
   585 | D        | Gained mutation: You are partially covered in thin metallic scales. (AC +2) [demonic ancestry]
   585 | D        | Reached XP level 6. HP: 11/49 MP: 3/10
   597 | D        | Reached ** piety under Makhleb
   597 | D        | Reached skill level 5 in Dodging
   738 | D        | Noticed a hungry ghost
   738 | D        | Noticed a troll
   746 | D        | Killed a hungry ghost
   746 | D        | Reached skill level 5 in Fighting
   746 | D        | Reached skill level 10 in Staves
   754 | D        | Killed a troll
   754 | D        | Reached skill level 11 in Staves
   754 | D        | Gained mutation: You are mostly covered in thin metallic scales. (AC +3) [demonic ancestry]
   754 | D        | Reached XP level 7. HP: 43/56 MP: 1/13
   763 | D        | Reached *** piety under Makhleb
   774 | D        | Killed an unseen horror
   774 | D        | Reached skill level 12 in Staves
   774 | D        | Gained mutation: You have a pair of horns on your head. [demonic ancestry]
   774 | D        | Reached XP level 8. HP: 62/65 MP: 1/15
   900 | D        | Noticed a spiny frog
   902 | D        | Reached skill level 5 in Armour
   910 | D        | Killed a spiny frog
   910 | D        | Reached **** piety under Makhleb
   910 | D        | Reached skill level 13 in Staves
   910 | D        | Reached skill level 10 in Invocations
   924 | D        | Reached XP level 9. HP: 72/72 MP: 15/17
   937 | D        | Reached ***** piety under Makhleb
   946 | D        | Reached skill level 14 in Staves
  1082 | D        | Noticed a four-headed hydra
  1085 | D        | Noticed an eight-headed hydra
  1089 | D        | Noticed a spiny frog
  1108 | D        | Killed a four-headed hydra
  1108 | D        | Reached ****** piety under Makhleb
  1108 | D        | Gained mutation: You are partially covered in sharp spines. [demonic ancestry]
  1108 | D        | Reached XP level 10. HP: 74/83 MP: 17/19
  1112 | D        | Killed an eight-headed hydra
  1112 | D        | Reached skill level 15 in Staves
  1117 | D        | Killed a spiny frog
  1175 | D        | Reached skill level 10 in Fighting
  1227 | D        | Noticed Harold
  1244 | D        | Killed Harold
  1409 | D        | Noticed a stone giant
  1420 | D        | Annihilated by a stone giant

Vault maps used:
D:        linesprint

Skill      XL: |  1  2  3  4  5  6  7  8  9 10 |
---------------+-------------------------------+-----
Staves         | 5 6 7 8 9 11 12 13 14 15 | 15.8
Fighting       | 3 4 5 6 7 9 10 | 10.3
Armour         | 1 2 3 4 5 7 8 |  8.6
Dodging        | 3 4 5 6 |  6.4
Invocations    | 3 4 6 8 9 10 12 14 | 14.0
Throwing       | |  1.7

Action                   |  1- 3 |  4- 6 |  7- 9 | 10-12 || total
-------------------------+-------+-------+-------+-------++-------
Melee: Quarterstaff      |    42 |    38 |    92 |    56 ||   228
       Headbutt          |     3 |    11 |    27 |    15 ||    56
  Use: Potion            |       |     1 |       |       ||     1
  Eat: Chunk             |       |       |     2 |       ||     2
Armor: Leather armour    |     6 |       |       |       ||     6
       Chain mail        |     2 |     4 |    31 |    13 ||    50
Dodge: Dodged            |    25 |    16 |    29 |    15 ||    85
